 Dungeon Crawl Stone Soup version 0.28-a0-828-g0121872642 (webtiles) character file.

Game seed: 1852501887067531568

560 cheechan the Bolt Thrower (level 7, 0/46 HPs)
             Began as an Octopode Hunter on Nov 10, 2021.
             Slain by a black bear (9 damage)
             ... on level 5 of the Dungeon.
             The game lasted 00:26:58 (5562 turns).

cheechan the Bolt Thrower (Octopode Hunter)         Turns: 5562, Time: 00:26:59

Health: 0/46       AC:  1    Str: 11    XL:     7   Next: 31%
Magic:  7/7        EV: 14    Int: 13    God:
Gold:   106        SH:  0    Dex: 15    Spells: 6/6 levels left

rFire   . . .      SeeInvis .   a - +1 hand crossbow
rCold   + . .      Faith    +   (no shield)
rNeg    . . .      Spirit   .   (helmet restricted)
rPois   .          Reflect  .   e - amulet of faith
rElec   .          Harm     .   k - ring of protection from fire
rCorr   .          Rampage  .   q - ring of ice
Will    .....                   (no ring)
Stlth   +++.......              (no ring)
HPRegen 0.15/turn               (no ring)
MPRegen 0.10/turn               (no ring)
                                (no ring)
                                (no ring)

@: no status effects
A: almost no armour, amphibious, 8 rings, camouflage 1, gelatinous body 1,
(nimble swimmer 1), tentacles
a: no special abilities


You were on level 5 of the Dungeon.
You visited 1 branch of the dungeon, and saw 5 of its levels.

You collected 106 gold pieces.

Inventory:

Hand Weapons
 a - a +1 hand crossbow (weapon)
 f - a +0 war axe
 g - a +1 hand axe of flaming
 m - a +0 broad axe
 o - a +2 hand axe of electrocution
Missiles
 b - 17 arrows
 c - 55 bolts (quivered ammo)
 d - 18 sling bullets
Jewellery
 e - an amulet of faith (around mantle)
 k - a ring of protection from fire (left tentacle)
 q - a ring of ice (right tentacle)
Wands
 l - a wand of acid (8)
 n - a wand of iceblast (10)
Potions
 h - a potion of brilliance {unknown}
 i - a potion of ambrosia {unknown}
 j - a potion of haste {unknown}
 p - 2 potions of cancellation {unknown}


   Skills:
 + Level 3.6 Fighting
 + Level 0.3 Axes
 + Level 7.1 Crossbows
 + Level 3.0 Dodging
 + Level 3.7 Stealth


You had 6 spell levels left.
You didn't know any spells.
Your spell library was empty.

Dungeon Overview and Level Annotations

Branches:
Dungeon (5/15)
 Temple: D:4-7

Altars:
Zin


Innate Abilities, Weirdness & Mutations

You cannot wear most types of armour.
You are amphibious.
You can wear up to eight rings at the same time.
Your skin changes colour to match your surroundings (Stealth+).
Your rubbery body absorbs attacks. (AC +1, EV +1)
((You are camouflaged near water. (Stealth+)))
You have tentacles for arms and can constrict up to eight enemies at once.


Message History

Press: ? - help, Shift-Dir - straight line, f/p - orc priest
Aim: an orc priest, wielding a +0 falchion and wearing a +0 scale mail (lightly wounded, 70% to hit)
You shoot a bolt. The bolt hits the orc priest.
The orc priest is moderately wounded.
The orc priest hits you with a +0 falchion.
The orc priest hits you with a +0 falchion!
* * * LOW HITPOINT WARNING * * *
Fire: 59 bolts
Press: ? - help, Shift-Dir - straight line, f/p - orc priest
Aim: an orc priest, wielding a +0 falchion and wearing a +0 scale mail (moderately wounded, 70% to hit)
You shoot a bolt. The bolt closely misses the orc priest.
The bolt barely misses the black bear.
The orc priest hits you with a +0 falchion.
* * * LOW HITPOINT WARNING * * *
Fire: 58 bolts
Press: ? - help, Shift-Dir - straight line, f/p - orc priest
Aim: an orc priest, wielding a +0 falchion and wearing a +0 scale mail (moderately wounded, 70% to hit)
You shoot a bolt. The bolt hits the orc priest!
You kill the orc priest!
Your Dodging skill increases to level 3!
Fire: 57 bolts
Press: ? - help, Shift-Dir - straight line, f - black bear
Aim: a black bear (73% to hit)
You shoot a bolt.
The bolt completely misses the black bear.
The black bear bites you.
* * * LOW HITPOINT WARNING * * *
The black bear misses you. The black bear claws you.
* * * LOW HITPOINT WARNING * * *
Okay, then.
You aren't carrying any scrolls.
The black bear closely misses you. The black bear claws you.
* * * LOW HITPOINT WARNING * * *
The black bear closely misses you.
Fire: 56 bolts
Press: ? - help, Shift-Dir - straight line, f/p - black bear
Aim: a black bear (73% to hit)
You shoot a bolt. The bolt barely misses the black bear.
The black bear bites you!
You die...

#(#
#..#...###.#.##....#
#)#
#..#####...........#
#(#
#...............#
#.####
#.###...........#
#.#..# #.#
#...........# #....#
#.# #........####
#.._.# #.#
#........#####
#...(# #.#
#.........>...
#.#..# #@#
#.............
#.#### #h#
#######....... #.#
#.# #....... #.# #.#
#....... #.# #.#
#....... #.# #.#
#....... #.# #.#
#.......
#.#############(#
#.......
#...............#
########


You could see a black bear.

Vanquished Creatures
  3 ogres
  A scorpion (D:5)
  An orc priest (D:5)
  2 bullfrog skeletons
  Jessica (D:3)
  A hound skeleton (D:4)
  3 adders
  A shadow imp (D:5)
  2 dart slugs
  10 orcs
  A ball python (D:1)
  5 endoplasms
  2 giant cockroaches
  3 goblins
  6 hobgoblins
  4 jackals (D:4)
  4 quokkas
  5 bats
  3 frilled lizards
  6 kobolds
  6 rats
70 creatures vanquished.

Notes
Turn   | Place    | Note
-------+----------+-------------------------------------------
     0 | D:1      | cheechan the Octopode Hunter began the quest for the Orb.
     0 | D:1      | Reached XP level 1. HP: 14/14 MP: 1/1
   327 | D:1      | Found a faded altar of an unknown god.
   420 | D:1      | Reached XP level 2. HP: 19/19 MP: 2/2
  1260 | D:2      | Reached XP level 3. HP: 20/24 MP: 3/3
  1915 | D:3      | Reached skill level 5 in Crossbows
  2293 | D:2      | Reached XP level 4. HP: 27/29 MP: 4/4
  2832 | D:3      | Noticed Jessica
  2842 | D:3      | Killed Jessica
  3504 | D:4      | Noticed an ogre
  4027 | D:4      | Noticed an ogre
  4079 | D:4      | Killed an ogre
  4080 | D:4      | Reached skill level 6 in Crossbows
  4080 | D:4      | Reached XP level 5. HP: 7/36 MP: 5/5
  4350 | D:4      | Killed an ogre
  4351 | D:4      | Reached XP level 6. HP: 15/42 MP: 6/6
  5005 | D:5      | Entered Level 5 of the Dungeon
  5291 | D:5      | Found a glowing silver altar of Zin.
  5311 | D:5      | Reached XP level 7. HP: 20/46 MP: 7/7
  5521 | D:5      | Reached skill level 7 in Crossbows
  5562 | D:5      | Slain by a black bear

Illustrated notes

Levels and vault maps discovered:
D:1:      dpeg_arrival_pond, layout_loops_corners,
          hellmonk_ecumenical_altar_inner_sanctum, minmay_misc_feat_rugged,
          st_stairs_12, serial_park_tiny_1
D:2:      layout_basic
D:3:      layout_basic, uniq_jessica
D:4:      layout_gridville
D:5:      layout_basic, mainiacjoe_overflow_alcove_1,
          mainiacjoe_overflow_catwalk

Skill      XL: |  1  2  3  4  5  6  7 |
---------------+----------------------+-----
Crossbows      | 5 6 7 |  7.1
Stealth        | 2 3 |  3.7
Fighting       | 3 |  3.6
Dodging        | 3 |  3.0
Axes           | |  0.3

Action                   |  1- 3 |  4- 6 |  7- 9 || total
-------------------------+-------+-------+-------++-------
Melee: Hand axe          |       |     1 |       ||     1
 Fire: Hand crossbow     |    61 |    82 |    14 ||   157
  Use: Scroll            |     3 |     2 |       ||     5
       Potion            |       |     1 |       ||     1
Armor: Skin              |     3 |     3 |       ||     6
Dodge: Dodged            |    14 |    62 |     7 ||    83

Table legend: (Time is in decaauts)
 A = Elapsed time spent in this place.
 B = Non-inter-level travel time spent in this place.
 C = Inter-level travel time spent in this place.
 D = Time resting spent in this place.
 E = Time spent auto-exploring this place.
 F = Levels seen in this place.
 G = Mean time per level.
                   A        B        C        D        E       F      G
               +--------+--------+--------+--------+--------+-----+--------+
         Total |   5605 |   5605 |      0 |   1212 |      0 |   5 | 1121.0 |
       Dungeon |   5605 |   5605 |      0 |   1212 |      0 |   5 | 1121.0 |
               +--------+--------+--------+--------+--------+-----+--------+

Top non-repeatable levels by time:
     D:4: 1302 daAuts
     D:2: 1292 daAuts
     D:3: 1283 daAuts
     D:1: 1164 daAuts
     D:5: 562 daAuts
